 Dungeon Crawl Stone Soup version 0.18-a0-845-gc59c8fa (webtiles) character file.

119 HrabiaVulpes the Ruffian (level 4, -10/45 HPs)
             Began as a Troll Monk on Dec 19, 2015.
             Mangled by HrabiaVulpes's ghost (14 damage)
             ... on level 3 of the Dungeon.
             The game lasted 00:06:34 (1483 turns).

HrabiaVulpes the Ruffian (Troll Monk)               Turns: 1483, Time: 00:06:35

Health: -10/45     AC:  6    Str: 20    XL:     4   Next: 74%
Magic:  3/3        EV: 12    Int:  6    God:
Gold:   116        SH:  0    Dex: 12    Spells: 0 memorised, 3 levels left

rFire  . . .     SeeInvis .       - Unarmed
rCold  . . .     Gourm    +     a - +0 robe
rNeg   . . .     Faith    .     (no shield)
rPois  .         Spirit   .     (helmet restricted)
rElec  .         Dismiss  .     k - +0 cloak
rCorr  .         Reflect  .     (gloves unavailable)
SustAt .         Harm     .     (boots unavailable)
MR     .....                    (no amulet)
Stlth  +.........               (no ring)
                                c - +2 ring of evasion

@: very slightly contaminated, not resistant to hostile enchantments, very
unstealthy
A: unfitting armour, claws 3, fast metabolism 3, gourmand, regeneration 2,
shaggy fur 1, tough skin 2
a: no special abilities


You were on level 3 of the Dungeon.
You were completely stuffed.

You visited 1 branch of the dungeon, and saw 3 of its levels.

You collected 116 gold pieces.

Inventory:

Armour
 a - a +0 robe (worn)
 k - a +0 cloak (worn)
Jewellery
 c - a +2 ring of evasion (left claw)
Wands
 n - a wand of invisibility (1/9)
Scrolls
 d - 2 scrolls of blinking
 e - 2 scrolls of remove curse
 h - a scroll of identify
 i - a scroll of amnesia
Potions
 g - 2 potions of poison {unknown}
Comestibles
 b - 6 bread rations
 f - 6 fruits
 m - 2 meat rations
 o - 11 chunks of flesh


   Skills:
 + Level 3.0 Fighting
 + Level 3.1 Dodging
 - Level 1.1 Stealth
 * Level 5.2 Unarmed Combat


You had 3 spell levels left.
You didn't know any spells.

Dungeon Overview and Level Annotations

Branches:
Dungeon (3/15)

Altars:
Elyvilon
Fedhas

Annotations:
D:3 HrabiaVulpes's ghost, amateur TrMo


Innate Abilities, Weirdness & Mutations

You are too large for most types of armour.
You have claws for hands.
Your metabolism is lightning-fast.
You like to eat raw meat.
You heal very quickly.
You are covered in fur (AC +1).
You have very tough skin (AC +2).


Message History

HrabiaVulpes's ghost is moderately damaged.
HrabiaVulpes's ghost hits you!
* * * LOW HITPOINT WARNING * * *
You closely miss HrabiaVulpes's ghost.
HrabiaVulpes's ghost is moderately damaged.
HrabiaVulpes's ghost hits you but does no damage.
You scratch HrabiaVulpes's ghost but do no damage.
HrabiaVulpes's ghost is moderately damaged.
HrabiaVulpes's ghost closely misses you.
Drink which item? (? for menu, Esc to quit)
Okay, then.
You claw HrabiaVulpes's ghost!
HrabiaVulpes's ghost is moderately damaged.
HrabiaVulpes's ghost hits you!
* * * LOW HITPOINT WARNING * * *
You claw HrabiaVulpes's ghost!
You claw HrabiaVulpes's ghost, but do no damage.
HrabiaVulpes's ghost is heavily damaged.
HrabiaVulpes's ghost hits you!
You die...

#...###......##.# #...
#............##.###.####
#............##.......<.
#.......#####.........(#
#.......# #.#.....#.<.
#####'### #.........##
#..# #.#.⌠.⌠.#.# ##.##
#........)# #.@#
#.#.....#)## ##W#
....._...)[. ....
..#.....#... ......#
$.......... .......#
.#.⌠.⌠.#.## #.......#
........# ######..#
#.... #.# ..# ..... ..#
... ###


You could see HrabiaVulpes's ghost.

Vanquished Creatures
  Ijyb (D:2)
  4 adders (D:2)
  2 oozes
  2 worms
  3 giant geckos
  3 orcs (D:3)
  2 giant cockroaches (D:1)
  4 goblins (D:1)
  5 hobgoblins
  2 bats
  2 giant newts (D:1)
  4 kobolds
  6 rats
40 creatures vanquished.

Notes
Turn   | Place    | Note
--------------------------------------------------------------
     0 | D:1      | HrabiaVulpes the Troll Monk began the quest for the Orb.
     0 | D:1      | Reached XP level 1. HP: 22/22 MP: 0/0
   289 | D:1      | Reached XP level 2. HP: 25/29 MP: 1/1
   609 | D:1      | Reached XP level 3. HP: 31/36 MP: 2/2
   971 | D:2      | Found a blossoming altar of Fedhas.
  1053 | D:2      | Noticed Ijyb
  1062 | D:2      | Killed Ijyb
  1062 | D:2      | Reached skill level 5 in Unarmed Combat
  1062 | D:2      | Reached XP level 4. HP: 42/44 MP: 3/3
  1386 | D:3      | Found a white marble altar of Elyvilon.
  1464 | D:3      | Noticed HrabiaVulpes's ghost (amateur TrMo)
  1483 | D:3      | Mangled by HrabiaVulpes's ghost

Vault maps used:
D:1:      lordsloth_arrival_two_stooges
D:2:      fedhas_altar_1, uniq_iyjb
D:3:      grunt_temple_overflow_open, elyvilon_altar_5, first_bread

Action                   |  1- 3 |  4- 6 || total
-------------------------+-------+-------++-------
Melee: Unarmed           |    87 |    60 ||   147
  Use: Scroll            |     5 |     3 ||     8
       Potion            |       |     3 ||     3
 Stab: Sleeping          |       |     1 ||     1
  Eat: Chunk             |    15 |     4 ||    19
